 Dungeon Crawl Stone Soup version 0.31-a0-702-gf82c85558f (webtiles) character file.

Game seed: 11439504647759254542

3822 qw the Skirmisher (level 10, -8/64 HPs)
             Began as a Gargoyle Hunter on Sept 8, 2023.
             Was a Follower of Okawaru.
             Mangled by a gargoyle
             ... wielding a +0 flail
              (11 damage)
             ... on level 9 of the Dungeon.
             The game lasted 00:02:55 (6402 turns).

qw the Skirmisher (Gargoyle Hunter)                 Turns: 6402, Time: 00:02:56

Health: -8/64      AC: 18    Str: 16    XL:     10   Next: 17%
Magic:  11/13      EV: 15    Int:  9    God:    Okawaru [*.....]
Gold:   1287       SH:  5    Dex: 17    Spells: 9/9 levels left

rFire   + . .        Y - +1 orcbow (elec)
rCold   + + .        (shield currently unavailable)
rNeg    + . .        p - +3 ring mail
rPois   inf          (no helmet)
rElec   +            b - scarf {rC+ rF+}
rCorr   .            k - +0 pair of gloves
SInv    +            (no boots)
Will    .....        h - amulet of reflection
Stlth   +++          r - ring of see invisible
HPRegen 0.30/turn    g - ring of protection from cold
MPRegen 0.13/turn

%: reflection
@: about to teleport, heroic
A: sickness immunity, AC +7, negative energy resistance 1, electricity
resistance, torment resistance 1, petrification resistance
a: Renounce Religion, Heroism


You were on level 9 of the Dungeon.
You worshipped Okawaru.
Okawaru was aware of your devotion.
You visited 1 branch of the dungeon, and saw 9 of its levels.

You collected 1392 gold pieces.
You spent 105 gold pieces at shops.


Innate Abilities, Weirdness & Mutations

You are immune to sickness and miasma.
Your stone body is resilient. (AC +7)
You are immune to poison.
You resist negative energy. (rN+)
You are resistant to electric shocks. (rElec)
You are resistant to unholy torment.
You are immune to petrification.


   Skills:
 - Level 8.0(13.0) Fighting
 + Level 11.6(16.6) Ranged Weapons
 - Level 3.1(8.1) Armour
 - Level 3.3(8.3) Dodging
 - Level 1.1(6.1) Stealth
 - Level 4.0 Invocations


You had 9 spell levels left.
You didn't know any spells.
Your spell library was empty.

Inventory:

Hand Weapons
 Y - a +1 orcbow of electrocution (weapon)
Armour
 b - a scarf of resistance (worn)
 k - a +0 pair of gloves (worn)
 m - a +2 cloak
 p - a +3 ring mail (worn)
Jewellery
 g - a ring of protection from cold (right hand)
 h - an amulet of reflection (around neck)
 r - a ring of see invisible (left hand)
 s - a +6 ring of strength
Scrolls
 n - a scroll of teleportation
 o - 2 scrolls of identify
Potions
 a - 3 potions of haste
 f - 4 potions of curing
 i - 2 potions of enlightenment
 q - 2 potions of heal wounds

Dungeon Overview and Level Annotations

Branches:
Dungeon (9/15)             Temple (0/1) D:5
   Lair: D:8-11         Orc: D:9-12

Altars:
Cheibriados
Kikubaaqudgha
Okawaru
Qazlal
Wu Jian
Yredelemnul

Shops:
D:6 *:

Portals:
Abyss: D:3

Annotations:
D:3 2 transporters, qw's ghost, amateur GrHu
D:7 1 runed translucent door, Crazy Yiuf


Message History

You shoot an arrow. The arrow barely misses the gargoyle.
The arrow closely misses the gnoll.
The arrow hits the orc!
Lightning courses through the orc!
You kill the orc!
Okawaru accepts your kill.
You shoot an arrow. The arrow hits the gargoyle.
The gargoyle is moderately damaged.
The gargoyle hurls a stone arrow at you.
The stone arrow hits you. The gnoll hits you but does no damage.
You shoot an arrow.
The arrow hits the gargoyle but does no damage.
The gargoyle is moderately damaged.
The gargoyle hits you with a +0 flail!
You shoot an arrow. The arrow barely misses the gargoyle.
The arrow hits the gnoll.
The gnoll is moderately wounded.
The gnoll closely misses you.
You shoot an arrow.
The arrow hits the gargoyle but does no damage.
The gargoyle is moderately damaged.
You feel like a meek peon again. The gargoyle closely misses you.
The gnoll hits you but does no damage.
6399 ||| INVOKING Heroism.
You gain the combat prowess of a mighty hero.
The gargoyle hits you with a +0 flail. The gnoll hits you but does no damage.
You shoot an arrow. The arrow barely misses the gargoyle.
The arrow hits the gnoll!
You kill the gnoll!
Okawaru accepts your kill. The gargoyle barely misses you.
You shoot an arrow.
The arrow hits the gargoyle but does no damage.
The gargoyle is moderately damaged.
The gargoyle hits you with a +0 flail!
6402 ||| READING 2 scrolls of teleportation.
As you read the scroll of teleportation, it crumbles to dust.
You feel strangely unstable.
The gnoll hits you from afar with a +0 spear.
The gargoyle hits you with a +0 flail!
You die...

#...........
#..........#
#..........#
#..........+
#..........#
#..........#
#........).#
#..........######.##..
#......<..).g9@.....>.
###.#.###.#.########.#
# #. ...#.# #######.#
..# ###


You could see a gargoyle and a gnoll.

Vanquished Creatures
  A hornet (D:8)
  Prince Ribbit (D:6)
  Sigmund (D:3)
  A steam dragon (D:8)
  A water moccasin (D:7)
  Duvessa (D:5)
  Edmund (D:6)
  2 orc warriors
  2 ice beasts (D:7)
  2 black bears (D:6)
  3 ogres
  A centaur (D:5)
  A phantom (D:5)
  A kobold brigand (D:3)
  3 bullfrogs
  Blork the orc (D:6)
  A gnoll sergeant (D:9)
  2 scorpions (D:6)
  Dowan (D:5)
  4 wights (D:8)
  6 killer bees (D:7)
  A howler monkey (D:5)
  3 hounds
  A gnoll bouda (D:7)
  An orc priest (D:8)
  3 sleepcaps
  4 iguanas
  5 orc wizards
  11 adders
  8 gnolls
  3 shadow imps
  3 white imps
  An ufetubus (D:5)
  3 worms (D:2)
  3 dart slugs
  22 orcs
  4 bats
  11 endoplasms
  5 giant cockroaches
  6 goblins
  8 hobgoblins
  3 jackals (D:1)
  5 quokkas
  6 ball pythons
  3 frilled lizards
  4 kobolds
  5 rats
169 creatures vanquished.

Vanquished Creatures (others)
  A gnoll (D:9)
1 creature vanquished.

Grand Total: 170 creatures vanquished

Notes
Turn   | Place    | Note
-------+----------+-------------------------------------------
     0 | D:1      | qw the Gargoyle Hunter began the quest for the Orb.
     0 | D:1      | Reached XP level 1. HP: 12/12 MP: 1/1
     0 | D:1      | 0 ||| qw: Version: 0.3-a-76-g4403597
     0 | D:1      | 0 ||| qw: Game counter: 1130
     0 | D:1      | 0 ||| qw: Melee chars always use a shield: true
     0 | D:1      | 0 ||| qw: God list: Okawaru
     0 | D:1      | 0 ||| qw: Allow faded altars: false
     0 | D:1      | 0 ||| qw: Do Orc after clearing Dungeon:15 true
     0 | D:1      | 0 ||| qw: Do second Lair branch before Depths: true
     0 | D:1      | 0 ||| qw: Lair rune preference: random
     0 | D:1      | 0 ||| qw: Goals: Normal
     0 | D:1      | 0 ||| PLANNING D:1-11
    91 | D:1      | 91 ||| Stepping ~*~*~tactically~*~*~ (retreating).
    92 | D:1      | 92 ||| Stepping ~*~*~tactically~*~*~ (retreating).
    93 | D:1      | 93 ||| Stepping ~*~*~tactically~*~*~ (retreating).
    98 | D:1      | 98 ||| Stepping ~*~*~tactically~*~*~ (retreating).
   108 | D:1      | Reached XP level 2. HP: 15/17 MP: 2/2
   420 | D:1      | Reached XP level 3. HP: 21/21 MP: 3/3
   517 | D:1      | Reached skill level 5 in Ranged Weapons
   752 | D:1      | 752 ||| UPGRADING to ring of protection from cold.
   753 | D:1      | 753 ||| UPGRADING to +6 ring of strength.
   754 | D:1      | 754 ||| READING scroll labelled XOCVYPYL FEM.
   769 | D:1      | 769 ||| READING scroll labelled KIMEDI TIH LEFA.
   770 | D:1      | 770 ||| READING scroll labelled POSATW BELYAK.
   771 | D:1      | 771 ||| DRINKING 3 viscous red potions.
   772 | D:1      | 772 ||| DROPPING scroll of butterflies.
   930 | D:2      | Reached skill level 3 in Fighting
   965 | D:2      | Reached XP level 4. HP: 28/28 MP: 4/4
  1194 | D:2      | 1194 ||| FLEEEEING.
  1440 | D:2      | 1440 ||| UPGRADING to +0 pair of gloves.
  1445 | D:2      | 1445 ||| UPGRADING to +2 cloak.
  1450 | D:2      | 1450 ||| UPGRADING to amulet of reflection.
  1455 | D:2      | 1455 ||| READING scroll labelled COXETOKEYM.
  1455 | D:2      | Identified a scroll of acquirement
  1455 | D:2      | 1455 ||| ACQUIRING +0 orcbow of electrocution
  1455 | D:2      | Acquired a +0 orcbow of electrocution
  1457 | D:2      | 1457 ||| SWAPPING to +0 orcbow of electrocution.
  1458 | D:2      | 1458 ||| DROPPING +0 shortbow.
  1459 | D:2      | 1459 ||| READING scroll labelled QEGIDDEADO.
  1490 | D:3      | 1490 ||| STAIRDANCE
  1492 | D:3      | 1492 ||| STAIRDANCE
  1494 | D:2      | 1494 ||| DRINKING 2 potions of curing.
  1494 | D:2      | 1494 ||| (to cure confusion)
  1499 | D:2      | Reached skill level 1 in Armour
  1501 | D:2      | 1501 ||| UPGRADING to +0 robe of cold resistance.
  1514 | D:3      | 1514 ||| STAIRDANCE
  1565 | D:3      | Reached XP level 5. HP: 32/32 MP: 5/5
  1619 | D:3      | Found a transporter.
  1620 | D:3      | Found a transporter.
  1776 | D:3      | Noticed Sigmund
  1782 | D:3      | Killed Sigmund
  1783 | D:3      | Reached skill level 6 in Ranged Weapons
  1783 | D:3      | Reached XP level 6. HP: 37/37 MP: 6/6
  1871 | D:3      | Noticed qw's ghost (amateur GrHu)
  1874 | D:3      | Noticed an ancient zyme
  1973 | D:3      | Found a one-way gate to the infinite horrors of the Abyss.
  2037 | D:3      | Reached skill level 7 in Ranged Weapons
  2076 | D:3      | 2076 ||| DROPPING +0 leather armour.
  2077 | D:3      | 2077 ||| UPGRADING to +0 ring mail.
  2087 | D:3      | 2087 ||| READING scroll labelled TOASIUT PODE.
  2281 | D:4      | Reached XP level 7. HP: 43/43 MP: 7/7
  2557 | D:4      | Found an ornate altar of the Wu Jian Council.
  2664 | D:4      | 2664 ||| UPGRADING to ring of see invisible.
  2666 | D:4      | 2666 ||| UPGRADING to +0 robe of cold resistance.
  2676 | D:4      | 2676 ||| UPGRADING to ring of protection from cold.
  2678 | D:4      | 2678 ||| UPGRADING to +0 ring mail.
  2688 | D:4      | 2688 ||| READING 2 scrolls labelled FESEAGH WAOZEE.
  2689 | D:4      | 2689 ||| DRINKING 2 emerald potions.
  2690 | D:4      | 2690 ||| DROPPING scroll of immolation.
  2691 | D:4      | 2691 ||| DROPPING potion of magic.
  2716 | D:5      | Entered Level 5 of the Dungeon
  2825 | D:5      | Reached skill level 8 in Ranged Weapons
  3047 | D:5      | Found an iron altar of Okawaru.
  3048 | D:5      | 3048 ||| PLANNING OKAWARU WORSHIP
  3048 | D:5      | 3048 ||| DROPPING +0 robe of cold resistance.
  3049 | D:5      | 3049 ||| UPGRADING to +3 ring mail.
  3059 | D:5      | 3059 ||| DROPPING +0 ring mail.
  3060 | D:5      | 3060 ||| READING scroll labelled LISHIDU SEIDGH.
  3061 | D:5      | 3061 ||| DRINKING 2 golden potions.
  3084 | D:5      | Reached XP level 8. HP: 49/49 MP: 8/8
  3111 | D:5      | 3111 ||| READING 2 scrolls of identify.
  3111 | D:5      | 3111 ||| IDENTIFYING purple potion
  3112 | D:5      | 3112 ||| DROPPING potion of lignification.
  3115 | D:5      | Became a worshipper of Warmaster Okawaru
  3116 | D:5      | 3116 ||| PLANNING D:1-11
  3243 | D:5      | Found a staircase to the Ecumenical Temple.
  3287 | D:5      | Noticed Duvessa
  3288 | D:5      | Noticed Dowan
  3292 | D:5      | 3292 ||| RETREATING.
  3293 | D:5      | 3293 ||| Stepping ~*~*~tactically~*~*~ (retreating).
  3294 | D:5      | 3294 ||| Stepping ~*~*~tactically~*~*~ (retreating).
  3295 | D:5      | 3295 ||| Stepping ~*~*~tactically~*~*~ (retreating).
  3296 | D:5      | 3296 ||| Stepping ~*~*~tactically~*~*~ (retreating).
  3297 | D:5      | 3297 ||| Stepping ~*~*~tactically~*~*~ (retreating).
  3298 | D:5      | 3298 ||| Stepping ~*~*~tactically~*~*~ (retreating).
  3316 | D:5      | Killed Duvessa
  3319 | D:5      | Killed Dowan
  3456 | D:6      | Found an ancient bone altar of Kikubaaqudgha.
  3517 | D:6      | Reached skill level 9 in Ranged Weapons
  3745 | D:6      | Noticed Prince Ribbit
  3753 | D:6      | Killed Prince Ribbit
  3753 | D:6      | Reached * piety under Okawaru
  3754 | D:6      | Reached skill level 6 in Fighting
  3783 | D:6      | Found a stormy altar of Qazlal.
  3787 | D:6      | 3787 ||| INVOKING Heroism.
  3828 | D:6      | Found the +5 woodcutter's axe
  3829 | D:6      | Found Ciufus's Book Shop.
  3944 | D:6      | Found Ufuuck's CLEARANCE SALE!.
  3954 | D:6      | Reached skill level 1 in Invocations
  3954 | D:6      | Reached XP level 9. HP: 56/56 MP: 9/9
  3960 | D:6      | 3960 ||| BUYING potion of haste (70 gold).
  3960 | D:6      | Bought a potion of haste for 70 gold pieces
  3960 | D:6      | 3960 ||| BUYING potion of heal wounds (35 gold).
  3960 | D:6      | Bought a potion of heal wounds for 35 gold pieces
  3960 | D:6      | 3960 ||| SHOPLISTING ring of willpower (175 gold, have
                  | 170).
  4113 | D:6      | Noticed Blork the orc
  4114 | D:6      | 4114 ||| INVOKING Heroism.
  4120 | D:6      | Killed Blork the orc
  4165 | D:6      | Noticed Edmund
  4166 | D:6      | 4166 ||| INVOKING Heroism.
  4170 | D:6      | Reached skill level 10 in Ranged Weapons
  4177 | D:6      | Killed Edmund
  4178 | D:6      | Reached skill level 3 in Armour
  4269 | D:6      | 4269 ||| READING 5 scrolls of identify.
  4269 | D:6      | 4269 ||| IDENTIFYING brown potion
  4270 | D:6      | 4270 ||| READING 4 scrolls of identify.
  4270 | D:6      | 4270 ||| IDENTIFYING yellow potion
  4271 | D:6      | 4271 ||| READING 3 scrolls of identify.
  4271 | D:6      | 4271 ||| IDENTIFYING fuming red potion
  4272 | D:6      | 4272 ||| READING 2 scrolls of identify.
  4272 | D:6      | 4272 ||| IDENTIFYING bubbling sapphire potion
  4273 | D:6      | 4273 ||| DROPPING potion of brilliance.
  4274 | D:6      | 4274 ||| DROPPING potion of degeneration.
  4275 | D:6      | 4275 ||| DROPPING potion of invisibility.
  4499 | D:7      | 4499 ||| STAIRDANCE
  4659 | D:7      | 4659 ||| Stepping ~*~*~tactically~*~*~ (outnumbered).
  4670 | D:7      | Reached skill level 3 in Invocations
  4677 | D:7      | 4677 ||| FLEEEEING.
  4678 | D:7      | 4678 ||| FLEEEEING.
  4680 | D:7      | 4680 ||| FLEEEEING.
  4681 | D:7      | 4681 ||| FLEEEEING.
  4682 | D:7      | 4682 ||| FLEEEEING.
  4683 | D:7      | 4683 ||| STAIRDANCE
  4729 | D:7      | 4729 ||| STAIRDANCE
  4757 | D:7      | 4757 ||| INVOKING Heroism.
  4799 | D:7      | 4799 ||| RETREATING.
  4805 | D:7      | 4805 ||| Stepping ~*~*~tactically~*~*~ (retreating).
  4814 | D:7      | 4814 ||| Stepping ~*~*~tactically~*~*~ (retreating).
  4815 | D:7      | 4815 ||| Stepping ~*~*~tactically~*~*~ (retreating).
  4824 | D:7      | 4824 ||| INVOKING Heroism.
  5029 | D:7      | 5029 ||| INVOKING Heroism.
  5338 | D:7      | Found a basalt altar of Yredelemnul.
  5384 | D:7      | Reached skill level 11 in Ranged Weapons
  5426 | D:7      | Found a runed translucent door.
  5427 | D:7      | Noticed Crazy Yiuf
  5692 | D:8      | 5692 ||| INVOKING Heroism.
  5748 | D:8      | 5748 ||| INVOKING Heroism.
  5752 | D:8      | Reached skill level 3 in Dodging
  5778 | D:8      | 5778 ||| RETREATING.
  5784 | D:8      | 5784 ||| Stepping ~*~*~tactically~*~*~ (retreating).
  5787 | D:8      | 5787 ||| INVOKING Heroism.
  5796 | D:8      | Reached XP level 10. HP: 24/64 MP: 11/13
  5957 | D:8      | Found a snail-covered altar of Cheibriados.
  6246 | D:8      | 6246 ||| READING scroll of acquirement.
  6246 | D:8      | 6246 ||| ACQUIRING 982 gold pieces
  6246 | D:8      | Acquired 982 gold pieces
  6326 | D:8      | 6326 ||| UPGRADING to scarf of resistance.
  6336 | D:8      | 6336 ||| READING scroll labelled YHANWI YMPU.
  6337 | D:8      | 6337 ||| READING scroll labelled ACY DECEIF.
  6359 | D:9      | Noticed a gargoyle
  6360 | D:9      | 6360 ||| Stepping ~*~*~tactically~*~*~ (retreating).
  6361 | D:9      | 6361 ||| Stepping ~*~*~tactically~*~*~ (retreating).
  6362 | D:9      | 6362 ||| Stepping ~*~*~tactically~*~*~ (retreating).
  6367 | D:9      | 6367 ||| INVOKING Heroism.
  6371 | D:9      | 6371 ||| Stepping ~*~*~tactically~*~*~ (retreating).
  6372 | D:9      | 6372 ||| Stepping ~*~*~tactically~*~*~ (retreating).
  6373 | D:9      | 6373 ||| Stepping ~*~*~tactically~*~*~ (retreating).
  6374 | D:9      | 6374 ||| Stepping ~*~*~tactically~*~*~ (retreating).
  6375 | D:9      | 6375 ||| Stepping ~*~*~tactically~*~*~ (retreating).
  6378 | D:9      | 6378 ||| Stepping ~*~*~tactically~*~*~ (retreating).
  6399 | D:9      | 6399 ||| INVOKING Heroism.
  6401 | D:9      | HP: 8/64 [gargoyle/+0 flail (13)]
  6402 | D:9      | 6402 ||| READING 2 scrolls of teleportation.
  6402 | D:9      | HP: 3/64 [gnoll/+0 spear[a gnoll sergeant] (5)]
  6402 | D:9      | Mangled by a gargoyle

Levels and vault maps discovered:
D:1:      heliophobic_arrival_glass_houses, layout_basic, serial_forest,
          infiniplex_forest_zigzag_2, infiniplex_forest_straight_2,
          infiniplex_forest_zigzag_1, infiniplex_forest_zigzag_2,
          infiniplex_forest_end_2, infiniplex_forest_corner_1
D:2:      layout_basic, hangedman_feature_mirror
D:3:      layout_basic, gammafunk_ghost_abyssal_escape, uniq_sigmund
D:4:      layout_basic, nicolae_wu_jian_immortal_techniques, st_stairs_1
D:5:      layout_rooms, kennysheep_mini_moat, lemuel_temple_firewalk_a,
          uniq_duvessa
D:6:      layout_basic, grunt_qazlal_clouds, mainiacjoe_overflow_cross_hatched,
          serial_shops, shop, nicolae_shop_clearance, uniq_blork_the_orc,
          uniq_prince_ribbit1, uniq_edmund
D:7:      layout_basic, yredelemnul_altar_generic, roderic_lattice_a,
          uniq_crazy_yiuf_cottage
D:8:      layout_rooms, cheibriados_altar_1
D:9:      layout_basic, orc_david_3, serial_shops,
          nicolae_shop_tiny_statue_garden

Skill      XL: |  1  2  3  4  5  6  7  8  9 10 |
---------------+-------------------------------+-----
Ranged Weapons | 5 6 7 8 9 11 | 11.6
Fighting       | 3 4 5 6 7 8 |  8.0
Armour         | 1 2 3 |  3.1
Dodging        | 2 3 |  3.3
Invocations    | 1 4 |  4.0
Stealth        | |  1.1

Action                     |  1- 3 |  4- 6 |  7- 9 | 10-12 || total
---------------------------+-------+-------+-------+-------++-------
   Fire: Shortbow          |   117 |    48 |       |       ||   165
         Orcbow            |       |    85 |   304 |    51 ||   440
 Invoke: Heroism           |       |       |     9 |     2 ||    11
    Use: Scroll            |     3 |     3 |     7 |     4 ||    17
         Potion            |     1 |     1 |     2 |       ||     4
 Armour: Leather armour    |    28 |    16 |       |       ||    44
         Robe              |       |    11 |       |       ||    11
         Ring mail         |       |     4 |   122 |    36 ||   162
  Dodge: Dodged            |    27 |    29 |   112 |    39 ||   207
  Block: Other             |       |    13 |    41 |     8 ||    62
         Reflection        |       |       |     1 |       ||     1

Table legend:
 A = Non-vault XP
 B = Vault XP
 C = Vault XP percentage of total XP
 D = Non-vault monster count
 E = Vault monster count
 F = Vault count percentage of total count
                 A         B        C        D         E       F
            +---------+---------+-------+---------+---------+-------
      Total |    4469 |     991 |  18.2 |     162 |       8 |   4.7
            +---------+---------+-------+---------+---------+-------
        D:1 |      42 |       0 |   0.0 |      24 |       0 |   0.0
        D:2 |     116 |       0 |   0.0 |      25 |       0 |   0.0
        D:3 |     166 |     226 |  57.7 |      17 |       1 |   5.6
        D:4 |     108 |      50 |  31.6 |      15 |       2 |  11.8
        D:5 |     610 |     219 |  26.4 |      18 |       2 |  10.0
        D:6 |     694 |     496 |  41.7 |      12 |       3 |  20.0
        D:7 |    1323 |       0 |   0.0 |      24 |       0 |   0.0
        D:8 |    1121 |       0 |   0.0 |      19 |       0 |   0.0
        D:9 |     289 |       0 |   0.0 |       8 |       0 |   0.0
            +---------+---------+-------+---------+---------+-------
